 Dungeon Crawl Stone Soup version 0.17.1-2-g5865329 (webtiles) character file.

77 Mysteryquy the Conjurer (level 4, -2/24 HPs)
             Began as a Deep Elf Conjurer on Jan 13, 2016.
             Slain by a worker ant (7 damage)
             ... on level 4 of the Dungeon.
             The game lasted 00:02:42 (2492 turns).

Mysteryquy the Conjurer (Deep Elf Conjurer)         Turns: 2492, Time: 00:02:42

Health: -2/24      AC:  3    Str:  5    XL:     4   Next: 14%
Magic:  6/12       EV: 13    Int: 21    God:
Gold:   105        SH:  0    Dex: 15    Spells: 1 memorised, 10 levels left

rFire  . . .     SeeInvis .     (no weapon)
rCold  . . .     Clarity  .     a - +0 robe
rNeg   . . .     SustAt   .     (no shield)
rPois  .         Gourm    .     r - +0 hat
rElec  .         Spirit   .     h - +0 cloak
rCorr  .         Warding  .     (no gloves)
rMut   .         Stasis   .     (no boots)
MR     .....                    (no amulet)
Stlth  ++........               (no ring)
                                (no ring)

@: lethally poisoned (-2 -> -16), not resistant to hostile enchantments,
unstealthy
A: no striking features
a: no special abilities


You were on level 4 of the Dungeon.
You were hungry.

You visited 1 branch of the dungeon, and saw 4 of its levels.

You collected 105 gold pieces.

Inventory:

Armour
 a - a +0 robe (worn)
 h - a +0 cloak (worn)
 r - a +0 hat (worn)
Jewellery
 e - an uncursed ring of magical power {unknown}
Wands
 o - a wand of frost (36)
Scrolls
 d - 4 scrolls of identify {unknown}
 f - a scroll of magic mapping {unknown}
 g - a scroll of teleportation {unknown}
 k - a scroll of amnesia {unknown}
 l - a scroll of noise {unknown}
 q - 3 scrolls of remove curse {unknown}
 s - a scroll of immolation {unknown}
 u - a scroll of recharging {unknown}
Potions
 i - 3 potions of heal wounds {unknown}
 j - a potion of lignification {unknown}
 n - 2 potions of degeneration {unknown}
 p - a potion of might {unknown}
Books
 b - a book of Conjurations

   Spells                             Type                      Level
   a - Magic Dart                     Conjuration                  1
   b - Searing Ray                    Conjuration                  2
   c - Dazzling Spray                 Conjuration/Hexes            3
   d - Fulminant Prism                Conjuration/Hexes            4
   e - Iskenderun's Mystic Blast      Conjuration                  4
   f - Iskenderun's Battlesphere      Conjuration/Charms           5
Comestibles
 c - 4 bread rations
 m - a slice of pizza
 t - 3 beef jerkies


   Skills:
 + Level 0.2 Fighting
 - Level 2.4 Dodging
 - Level 2.4 Stealth
 + Level 4.3 Spellcasting
 + Level 5.5 Conjurations


You had 10 spell levels left.
You knew the following spells:

 Your Spells              Type           Power        Failure   Level  Hunger
a - Magic Dart            Conj           ####         1%          1    None


Dungeon Overview and Level Annotations

Branches:
Dungeon (4/15)
 Temple: D:4-7

Altars:
Makhleb
Xom


Message History

Aim: a worker ant (severely wounded)
The magic dart hits the worker ant.
The worker ant is severely wounded.
The worker ant bites you.
You are poisoned.
The worker ant poisons you! The worker ant bites you.
* * * LOW HITPOINT WARNING * * *
You are more poisoned.
The worker ant poisons you!
There is a lethal amount of poison in your body!
Casting: Magic Dart
Confirm with . or Enter, or press ? or * to list all spells.
Aiming: Magic Dart
Press: ? - help, Shift-Dir - straight line, f/p - worker ant
Aim: a worker ant (severely wounded)
The magic dart hits the worker ant.
The worker ant is severely wounded.
* * * LOW HITPOINT WARNING * * *
You feel sick. The worker ant bites you!
You die...

## #.
#.####
#.@a.#
####.#
.. #.#
#


You could see a worker ant.

Vanquished Creatures
  An adder (D:3)
  An ooze (D:3)
  4 worms
  2 giant geckos
  An orc (D:3)
  3 bats
  3 giant cockroaches
  9 hobgoblins
  5 kobolds
  A quokka (D:3)
  4 giant newts
  4 goblins
  4 jackals
  7 rats
49 creatures vanquished.

Notes
Turn   | Place    | Note
--------------------------------------------------------------
     0 | D:1      | Mysteryquy the Deep Elf Conjurer began the quest for the Orb.
     0 | D:1      | Reached XP level 1. HP: 10/10 MP: 6/6
   260 | D:1      | Reached XP level 2. HP: 15/15 MP: 6/8
   449 | D:1      | Reached skill level 5 in Conjurations
  1091 | D:2      | Reached XP level 3. HP: 19/19 MP: 0/10
  1393 | D:2      | Found a shimmering altar of Xom.
  1394 | D:2      | Found a burning altar of Makhleb.
  2023 | D:3      | Reached XP level 4. HP: 24/24 MP: 7/12
  2492 | D:4      | Slain by a worker ant

Action                   |  1- 3 |  4- 6 || total
-------------------------+-------+-------++-------
 Cast: Magic Dart        |    89 |    16 ||   105
  Eat: Chunk             |     3 |     1 ||     4
